 Dungeon Crawl Stone Soup version 0.24-a0-250-g6074511 (webtiles) character file.

Game seed: 12135052290650079710

107 Borgoz the Cutter (level 5, -1/32 HPs)
             Began as a Kobold Gladiator on Apr 14, 2019.
             Slain by a worm (3 damage)
             ... on level 2 of the Dungeon.
             The game lasted 00:02:21 (1320 turns).

Borgoz the Cutter (Kobold Gladiator)                Turns: 1320, Time: 00:02:22

Health: -1/32      AC:  4    Str: 12    XL:     5   Next: 11%
Magic:  5/5        EV: 16    Int: 10    God:
Gold:   76         SH:  0    Dex: 16    Spells: 4/4 levels left

rFire    . . .     SeeInvis .   a - +0 rapier
rCold    . . .     Gourm    .   (shield restricted)
rNeg     . . .     Faith    .   b - +0 leather armour
rPois    .         Spirit   .   c - +0 helmet
rElec    .         Reflect  .   (no cloak)
rCorr    .         Harm     .   (no gloves)
MR       .....                  (no boots)
Stlth    +.........             (no amulet)
HPRegen  0.10/turn              (no ring)
MPRegen  0.09/turn              (no ring)

@: no status effects
A: small, carnivore
a: no special abilities


You were on level 2 of the Dungeon.
You were completely stuffed.

You visited 1 branch of the dungeon, and saw 2 of its levels.

You collected 76 gold pieces.

Inventory:

Hand Weapons
 a - a +0 rapier (weapon)
 j - a +0 short sword of venom
Missiles
 d - 5 throwing nets (quivered)
Armour
 b - a +0 leather armour (worn)
 c - a +0 helmet (worn)
Jewellery
 h - an uncursed ring of magical power {unknown}
 n - an uncursed ring of protection from fire {unknown}
Scrolls
 e - 4 scrolls of teleportation
 g - a scroll of fear
 l - a scroll of identify {unknown}
 m - a scroll of enchant armour {unknown}
Potions
 i - a potion of lignification
 k - a potion of flight {unknown}
Comestibles
 f - 3 rations
 o - 2 chunks of flesh


   Skills:
 + Level 3.2 Fighting
 + Level 5.1 Short Blades
 - Level 2.1 Throwing
 + Level 1.5 Armour
 + Level 4.4 Dodging


You had 4 spell levels left.
You didn't know any spells.
Your spell library was empty.

Dungeon Overview and Level Annotations

Branches:
Dungeon (2/15)

Altars:


Innate Abilities, Weirdness & Mutations

You are small and have problems with some larger weapons.
You are carnivorous and can eat meat at any time.


Message History

The worm bites you!
You are too injured to fight recklessly!
You are too injured to fight recklessly!
You are too injured to fight recklessly!
You are too injured to fight recklessly!
You hit the worm.
The worm is almost dead.
You barely miss the worm.
The worm is almost dead.
The worm closely misses you.
You hit the worm.
The worm is almost dead.
You barely miss the worm.
The worm is almost dead.
The worm bites you!
* * * LOW HITPOINT WARNING * * *
You barely miss the worm.
The worm is almost dead.
The worm bites you.
You die...

#.#... ........
#.#...## ########
###...#..# ##. #.##..
#.### #####..
#.....##...######.....#
#.(...÷÷.........#####
###..#......÷....#####
###!#.#####.#.#......
#...@.# #.#.######.
#..w### #.... .##. #...
###... .... #....
###...... #..#. ..# #.
#.... .## ## #. #$ # #.
## #


You could see a worm.

Vanquished Creatures
  A crimson imp (D:2)
  A gnoll (D:1)
  2 adders (D:2)
  An ooze (D:2)
  3 dart slugs (D:1)
  2 giant cockroaches (D:2)
  6 goblins
  4 hobgoblins
  A quokka (D:2)
  A ball python (D:1)
  8 bats
  2 frilled lizards (D:1)
  5 kobolds
  2 rats (D:1)
39 creatures vanquished.

Notes
Turn   | Place    | Note
-------+----------+-------------------------------------------
     0 | D:1      | Borgoz the Kobold Gladiator began the quest for the Orb.
     0 | D:1      | Reached XP level 1. HP: 12/12 MP: 1/1
    11 | D:1      | Noticed an electric eel
    74 | D:1      | Reached XP level 2. HP: 17/18 MP: 2/2
   193 | D:1      | Reached XP level 3. HP: 7/22 MP: 3/3
   689 | D:1      | Reached skill level 1 in Armour
   801 | D:2      | Reached XP level 4. HP: 10/27 MP: 4/4
  1229 | D:2      | Reached skill level 5 in Short Blades
  1229 | D:2      | Reached XP level 5. HP: 27/32 MP: 5/5
  1320 | D:2      | Slain by a worm

Levels and vault maps discovered:
D:1:      arrival_aquarium_a, layout_loops_ring, st_stairs_9, minmay_octomino_e4
D:2:      minmay_spotlight, layout_rooms, moated_statue,
          nemelex_dance_club_becter

Skill      XL: |  1  2  3  4 |
---------------+-------------+-----
Dodging        | 4 |  4.4
Armour         | 1 |  1.5
Fighting       | 3 |  3.2
Short Blades   | 5 |  5.1
Throwing       | |  2.1

Action                   |  1- 3 |  4- 6 || total
-------------------------+-------+-------++-------
Melee: Rapier            |    93 |    61 ||   154
Throw: Throwing net      |     2 |       ||     2
  Use: Scroll            |     3 |       ||     3
       Potion            |       |     2 ||     2
 Stab: Held in net/web   |     1 |       ||     1
       Sleeping          |     1 |       ||     1
  Eat: Chunk             |     7 |     3 ||    10
Armor: Leather armour    |    32 |     5 ||    37
       Skin              |       |     9 ||     9
Dodge: Dodged            |   115 |    26 ||   141

Table legend:
 A = Non-vault XP
 B = Vault XP
 C = Vault XP percentage of total XP
 D = Non-vault monster count
 E = Vault monster count
 F = Vault count percentage of total count
                 A         B        C        D         E       F
            +---------+---------+-------+---------+---------+-------
      Total |     130 |      24 |  15.6 |      32 |       7 |  17.9
            +---------+---------+-------+---------+---------+-------
        D:1 |      29 |      24 |  45.3 |      16 |       7 |  30.4
        D:2 |     101 |       0 |   0.0 |      16 |       0 |   0.0
            +---------+---------+-------+---------+---------+-------
